 Dungeon Crawl Stone Soup version 0.20-a0-1124-g2e29d97 (webtiles) character file.

44501 Lochraine the Grappler (level 13, -9/139 HPs)
             Began as a Red Draconian Transmuter on May 15, 2017.
             Was the Champion of Wu Jian.
             Mangled by an eight-headed hydra (10 damage)
             ... on level 5 of the Lair of Beasts.
             The game lasted 01:11:02 (22625 turns).

Lochraine the Grappler (Red Draconian Transmuter)  Turns: 22625, Time: 01:11:03

Health: -9/139     AC:  6    Str: 14    XL:     13   Next: 96%
Magic:  16/25      EV: 15    Int: 16    God:    Wu Jian [******]
Gold:   805        SH:  0    Dex: 15    Spells: 4/28 levels left

rFire    x . .     SeeInvis .     - Unarmed
rCold    + + +     Gourm    .   (shield currently unavailable)
rNeg     . . .     Faith    .   (armour unavailable)
rPois    +         Spirit   .   (helmet currently unavailable)
rElec    .         Reflect  .   (cloak currently unavailable)
rCorr    .         Harm     .   (gloves currently unavailable)
MR       .....                  (boots currently unavailable)
Stlth    +.........             (no amulet)
Regen    0.4/turn               e - ring of wizardry
MPRegen  0.2/turn               s - ring of poison resistance

@: ice-form, frozen, flying, very slightly contaminated, very slow
A: (breathe fire), unfitting armour, agile 1, AC +8
a: End Transformation, Serpent's Lash, Heavenly Storm, Renounce Religion


You were on level 5 of the Lair of Beasts.
You worshipped Wu Jian.
Wu Jian was exalted by your worship.
You were hungry.
You were a creature of crystalline ice.
You visited 2 branches of the dungeon, and saw 15 of its levels.

You collected 894 gold pieces.
You spent 89 gold pieces at shops.

Inventory:

Hand Weapons
 a - a +0 blowgun
   (You took it off a kobold on level 3 of the Dungeon)
 w - a +2 whip of electrocution
   (You took it off Pikel on level 5 of the Dungeon)
 D - the +7 great mace "Firestarter" {inner flame, rF++}
   (You found it on level 1 of the Lair of Beasts)

   It has been specially enchanted to burn those struck by it, causing extra
   injury to most foes and up to half again as much damage against particularly
   susceptible opponents.
   It greatly protects you from fire.
Missiles
 c - 477 stones (quivered)
 p - 137 arrows
 y - 72 bolts
 G - 109 poisoned needles
 J - 2 throwing nets {!f}
Armour
 n - a +0 cloak (melded)
   (You found it on level 2 of the Dungeon)
 r - a +1 pair of gloves (melded)
   (You found it on level 4 of the Dungeon)
 O - a +1 pair of boots (melded)
   (You found it on level 5 of the Lair of Beasts)
Jewellery
 e - a ring of wizardry (left front paw)
   (You found it on level 1 of the Dungeon)
 g - an uncursed ring of positive energy
   (You found it on level 1 of the Dungeon)
 l - an uncursed ring of protection from magic
   (You found it on level 2 of the Lair of Beasts)
 s - a ring of poison resistance (right front paw)
   (You found it on level 2 of the Dungeon)
 K - an uncursed ring of protection from cold
   (You found it on level 6 of the Lair of Beasts)
Wands
 d - a wand of iceblast (0/15)
   (You found it on level 6 of the Dungeon)
 t - a wand of flame (25/48)
   (You took it off Edmund on level 4 of the Dungeon)
 H - a wand of scattershot (3/9)
   (You found it on level 2 of the Lair of Beasts)
 P - a wand of confusion (19/48)
   (You found it on level 2 of the Lair of Beasts)
 Q - a wand of flame (28/48)
   (You found it on level 9 of the Dungeon)
 R - a wand of flame (23/48)
   (You found it on level 3 of the Lair of Beasts)
 V - a wand of polymorph (10/24)
   (You found it on level 3 of the Lair of Beasts)
Scrolls
 f - 7 scrolls of enchant armour
 h - 3 scrolls of magic mapping
 i - 5 scrolls of remove curse {@r2}
 k - 10 scrolls of identify {@r1}
 o - 2 scrolls of random uselessness
 v - 8 scrolls of recharging
 z - 8 scrolls of teleportation {@r4}
 C - a scroll of fog
Potions
 m - 4 potions of brilliance
 u - a potion of degeneration {!q}
 A - 3 potions of flight
 B - 3 potions of curing {unknown}
 E - a potion of might {unknown}
 I - 3 potions of heal wounds {unknown}
 M - 4 potions of agility
 N - a potion of mutation {!q}
 Y - 2 potions of ambrosia {unknown}
Books
 b - a book of Changes
 x - a book of Misfortune
   (You found it on level 9 of the Dungeon)
 L - a book of Minor Magic
   (You found it on level 7 of the Dungeon)
Miscellaneous
 T - a fan of gales
   (You found it on level 6 of the Lair of Beasts)
Comestibles
 j - 21 royal jellies
 q - 11 bread rations
 F - 26 fruits
 Z - 3 meat rations


   Skills:
 + Level 11.3 Fighting
 - Level 8.9 Maces & Flails
 + Level 8.8 Dodging
 + Level 12.6 Unarmed Combat
 - Level 8.0 Spellcasting
 + Level 10.1 Transmutations
 - Level 3.1 Fire Magic
 + Level 2.9 Earth Magic


You had 4 spell levels left.
You knew the following spells:

 Your Spells              Type           Power        Failure   Level  Hunger
a - Beastly Appendage     Tmut           #####.       1%          1    None
b - Sticks to Snakes      Tmut           #####...     1%          2    None
c - Blink                 Tloc           N/A          7%          2    None
d - Conjure Flame         Conj/Fire      ##......     8%          3    ##.....
e - Ice Form              Ice/Tmut       ###.....     6%          4    ####...
f - Blade Hands           Tmut           #####.....   1%          5    #####..
g - Petrify               Tmut/Erth      ####....     3%          4    ####...
x - Spider Form           Tmut/Pois      ###.......   1%          3    ##.....


Dungeon Overview and Level Annotations

Branches:
Dungeon (9/15)             Temple (0/1) D:5            Lair (6/6) D:9
 Shoals (0/4) Lair:3        Snake (0/4) Lair:4        Slime (0/5) Lair:5
    Orc: D:9-12

Altars:
Cheibriados
Gozag
Kikubaaqudgha
Makhleb
Nemelex Xobeh
Ru
Sif Muna
Vehumet
Wu Jian
Jiyva

Shops:
D:4 *

Annotations:
Lair:5 exclusion: oklob plant


Innate Abilities, Weirdness & Mutations

((You can breathe blasts of fire.))
((Your fiery red scales are hard. (AC +8)))
You cannot fit into any form of body armour.
((Your flesh is heat resistant. (rF+)))
((You are cold-blooded and may be slowed by cold attacks.))
((Your large and strong wings let you fly indefinitely.))
You are agile. (Dex +2)


Message History

Your +1 pair of gloves melds into your body.
Your +1 pair of boots melds into your body.
You fly downwards.
Level annotation: exclusion: oklob plant The eight-headed hydra misses you.
The eight-headed hydra bites you! The eight-headed hydra bites you.
The eight-headed hydra bites you!
The eight-headed hydra barely misses you. x2
The eight-headed hydra misses you. x2
There is a stone staircase leading up here.
The eight-headed hydra misses you. The eight-headed hydra bites you!
The eight-headed hydra bites you!! The eight-headed hydra bites you.
The eight-headed hydra bites you!
* * * LOW HITPOINT WARNING * * *
The eight-headed hydra bites you.
* * * LOW HITPOINT WARNING * * *
The eight-headed hydra bites you!
* * * LOW HITPOINT WARNING * * *
The eight-headed hydra bites you!
* * * LOW HITPOINT WARNING * * *
Unknown command.
Unknown command.
Unknown command.
You attack the eight-headed hydra from above.
You punch the eight-headed hydra!
The eight-headed hydra seems to slow down.
You freeze the eight-headed hydra.
There is a stone staircase leading up here.
The eight-headed hydra is no longer moving slowly.
Okay, then.
Aim: an eight-headed hydra (lightly wounded, chance to defeat MR: 23%)
You miscast Petrify.
You momentarily stiffen.
A rime drake comes into view.
The rime drake hisses angrily.
The rime drake breathes ice at you. The flash freeze hits you!
You partially resist.
* * * LOW HITPOINT WARNING * * *
You are encased in ice.
Unknown command.
Unknown command.
Unknown command.
Okay, then.
Unknown command.
The eight-headed hydra closely misses you.
The eight-headed hydra bites you!
* * * LOW HITPOINT WARNING * * *
The eight-headed hydra bites you.
* * * LOW HITPOINT WARNING * * *
The eight-headed hydra closely misses you. x2
The eight-headed hydra bites you!
You die...

.......#...............##
.....##........#.......#
......##P......###..#.##
#...........P.k###P####
##..........P....###
#...............#
###......######..##
#.......########..## ##......#
#...##Y..# ######## ##P.....#
#.>.##D.########...P..# #.......#
#_?.##.#.#............P
....#...###.####..............#.#
...<.....##'###.........≈≈≈≈).≈..
.D....................≈≈≈≈≈≈≈≈..#
.................<....≈≈≈≈≈≈≈≈...
.##.#P...............≈≈≈≈≈≈≈≈≈≈..
...........#.....##.#.≈≈≈≈≈≈≈≈≈..


You could see an eight-headed hydra and a rime drake.

Vanquished Creatures
  The ghost of MydosGodOfBeginnings the Basher, a journeyman DsSk of Vehumet (Lair:4)
  4 hydras
  7 death yaks
  Pikel (D:5)
  10 elephants
  6 black mambas
  Psyche (D:8)
  14 spiny frogs
  2 rime drakes
  7 komodo dragons
  3 meliai (Lair:4)
  5 polar bears
  3 hornets (Lair:6)
  A queen bee (Lair:6)
  12 hippogriffs
  5 blink frogs (Lair:2)
  7 dream sheep
  14 spriggans
  A wraith (D:9)
  18 yaks
  7 wyverns
  A basilisk (Lair:3)
  Edmund (D:4)
  7 nagas (Lair:4)
  8 water moccasins
  10 porcupines
  An orc warrior (D:7)
  2 ice beasts
  4 slaves
  3 phantoms
  A necrophage (D:9)
  A sky beast (D:7)
  4 black bears
  4 boggarts (Lair:6)
  2 ogres
  23 wolves
  4 centaurs
  17 crocodiles
  3 big kobolds
  11 bullfrogs
  A scorpion (D:5)
  26 killer bees
  5 wights (D:7)
  A howler monkey (D:7)
  6 crimson imps
  A lava snake (D:8)
  A gnoll shaman (D:7)
  2 bullfrog zombies
  A bullfrog skeleton (D:8)
  2 jellies
  2 centaur skeletons
  2 orc priests
  5 hounds
  2 iguanas (D:4)
  2 orc wizards
  5 worker ants
  A hound zombie (D:8)
  2 hound skeletons
  A mummy (D:7)
  A howler monkey zombie (D:8)
  6 gnolls
  A howler monkey skeleton (D:6)
  12 adders
  2 shadow imps (D:9)
  An adder skeleton (D:4)
  A worm (D:3)
  A dart slug (D:2)
  5 leopard geckos
  20 orcs
  3 giant cockroaches
  6 goblins
  6 hobgoblins
  13 jackals
  6 quokkas
  A ball python (D:2)
  4 bats
  8 frilled lizards
  19 kobolds
  A leopard gecko skeleton (D:4)
  A leopard gecko zombie (D:5)
  A quokka zombie (D:8)
  6 rats
  2 butterflies (Lair:2)
  3 fungi
  A plant (Lair:6)
435 creatures vanquished.

Vanquished Creatures (collateral kills)
  Prince Ribbit (D:6)
  An ogre (D:5)
  A wolf (Lair:6)
  A wight (D:7)
  3 hounds
  An orc wizard (D:8)
  A frilled lizard (D:4)
9 creatures vanquished.

Vanquished Creatures (others)
  A hound (D:5)
  3 bushes (Lair:6)
  28 fungi
  23 plants
55 creatures vanquished.

Grand Total: 499 creatures vanquished

Notes
Turn   | Place    | Note
-------+----------+-------------------------------------------
     0 | D:1      | Lochraine the Draconian Transmuter began the quest for the Orb.
     0 | D:1      | Reached XP level 1. HP: 16/16 MP: 3/3
   175 | D:1      | Reached XP level 2. HP: 19/23 MP: 5/5
   487 | D:1      | Learned a level 2 spell: Sticks to Snakes
   691 | D:1      | Reached XP level 3. HP: 29/29 MP: 6/6
  1148 | D:2      | Found an ornate altar of the Wu Jian Council.
  1158 | D:2      | Became a worshipper of the Wu Jian Council
  1209 | D:2      | Reached skill level 4 in Unarmed Combat
  1240 | D:2      | Found a burning altar of Makhleb.
  1381 | D:2      | Reached XP level 4. HP: 17/36 MP: 7/7
  1991 | D:3      | Reached * piety under Wu Jian
  2970 | D:4      | Reached XP level 5. HP: 29/44 MP: 5/8
  3164 | D:4      | Found an ancient bone altar of Kikubaaqudgha.
  3281 | D:4      | Noticed Edmund
  3303 | D:4      | Killed Edmund
  3303 | D:4      | Reached skill level 5 in Unarmed Combat
  3303 | D:4      | Reached XP level 6. HP: 40/51 MP: 6/9
  3322 | D:4      | Learned a level 3 spell: Spider Form
  3550 | D:4      | Found an opulent altar of Gozag.
  4010 | D:4      | Found a deep blue altar of Sif Muna.
  4080 | D:4      | Reached skill level 6 in Unarmed Combat
  4109 | D:4      | Found Leihut's Assorted Antiques.
  4115 | D:4      | Bought a scroll labeled ONWAH EFONITEG for 23 gold pieces
  4115 | D:4      | Bought a scroll labeled QATERURUPU for 23 gold pieces
  4115 | D:4      | Bought a cyan potion for 20 gold pieces
  4115 | D:4      | Bought a scroll labeled CUQUNA POTWER for 23 gold pieces
  4437 | D:5      | Entered Level 5 of the Dungeon
  4437 | D:5      | Noticed Pikel
  4437 | D:5      | Noticed a slave
  4437 | D:5      | Noticed a slave
  4437 | D:5      | Noticed a slave
  4437 | D:5      | Noticed a slave
  4482 | D:4      | Your scales start taking on a fiery red colour.
  4482 | D:4      | Reached XP level 7. HP: 42/59 MP: 10/10
  4482 | D:4      | Gained mutation: Your flesh is heat resistant. (rF+) [Red Draconian growth]
  5028 | D:5      | Killed Pikel
  5028 | D:5      | Reached skill level 5 in Fighting
  5028 | D:5      | Reached skill level 7 in Unarmed Combat
  5028 | D:5      | Reached XP level 8. HP: 32/68 MP: 3/11
  5121 | D:5      | Reached skill level 5 in Transmutations
  5218 | D:5      | Reached ** piety under Wu Jian
  5386 | D:5      | Reached skill level 8 in Unarmed Combat
  5666 | D:5      | Found a staircase to the Ecumenical Temple.
  6204 | D:6      | Noticed Prince Ribbit
  6215 | D:6      | Killed Prince Ribbit
  6646 | D:7      | Found a radiant altar of Vehumet.
  6753 | D:7      | Reached XP level 9. HP: 37/75 MP: 8/12
  6891 | D:7      | Reached skill level 9 in Unarmed Combat
  6980 | D:7      | Learned a level 2 spell: Blink
  6984 | D:7      | Learned a level 3 spell: Conjure Flame
  7030 | D:7      | Reached skill level 1 in Fire Magic
  7197 | D:7      | Reached *** piety under Wu Jian
  7259 | D:7      | Found a snail-covered altar of Cheibriados.
  7677 | D:7      | Found a sparkling altar of Nemelex Xobeh.
  8822 | D:8      | Reached skill level 10 in Unarmed Combat
  9403 | D:8      | Noticed Psyche
  9404 | D:8      | Reached XP level 10. HP: 86/86 MP: 13/13
  9457 | D:8      | Killed Psyche
  9668 | D:9      | Noticed a two-headed ogre
  9684 | D:9      | Reached **** piety under Wu Jian
  9737 | D:9      | Found a staircase to the Lair.
  9789 | D:8      | Gained mutation: Your large and strong wings let you fly indefinitely. [potion of mutation]
  9789 | D:8      | Gained mutation: You are agile. (Dex +2) [potion of mutation]
  9808 | D:8      | HP: 4/86 [poisoned by a killer bee]
  9815 | D:8      | HP: 3/86 [poisoned by a killer bee]
  9822 | D:8      | HP: 2/86 [poisoned by a killer bee]
  9830 | D:8      | HP: 2/86 [poisoned by a killer bee]
 10549 | Lair:1   | Entered Level 1 of the Lair of Beasts
 10558 | Lair:1   | Noticed a black mamba
 11269 | Lair:1   | Reached skill level 11 in Unarmed Combat
 11477 | Lair:1   | Killed a black mamba
 11477 | Lair:1   | Reached skill level 1 in Maces & Flails
 11670 | Lair:1   | Noticed a seven-headed hydra
 11728 | Lair:2   | Noticed a spiny frog
 11872 | Lair:2   | Killed a spiny frog
 12301 | Lair:2   | Found a sacrificial altar of Ru.
 12598 | Lair:2   | Reached XP level 11. HP: 69/92 MP: 17/17
 12728 | Lair:2   | Reached skill level 5 in Maces & Flails
 12870 | Lair:2   | HP: 3/92 [spiny frog (19)]
 13219 | Lair:1   | Learned a level 4 spell: Ice Form
 13877 | Lair:2   | Reached skill level 5 in Spellcasting
 14813 | Lair:3   | Learned a level 5 spell: Blade Hands
 14897 | Lair:3   | Found a staircase to the Shoals.
 15294 | Lair:3   | Reached skill level 5 in Dodging
 15380 | Lair:3   | Reached ***** piety under Wu Jian
 16204 | Lair:4   | Reached XP level 12. HP: 90/103 MP: 20/20
 16679 | Lair:4   | Noticed MydosGodOfBeginnings's ghost (journeyman DsSk)
 16686 | Lair:4   | Killed MydosGodOfBeginnings's ghost
 17594 | Lair:4   | Found a staircase to the Snake Pit.
 17738 | Lair:5   | Noticed a seven-headed hydra
 17746 | Lair:5   | Killed a seven-headed hydra
 18288 | Lair:5   | Found a viscous altar of Jiyva.
 18288 | Lair:5   | Found a staircase to the Slime Pits.
 18331 | Lair:6   | Entered Level 6 of the Lair of Beasts
 18615 | Lair:6   | Noticed a death yak
 18616 | Lair:6   | Noticed a death yak
 18616 | Lair:6   | Noticed a death yak
 19006 | Lair:6   | Noticed an eight-headed hydra
 19408 | Lair:6   | Reached skill level 10 in Fighting
 19498 | Lair:6   | Noticed a five-headed hydra
 19514 | Lair:6   | Reached XP level 13. HP: 109/113 MP: 19/23
 20492 | Lair:6   | Reached skill level 12 in Unarmed Combat
 21485 | Lair:5   | Learned a level 4 spell: Petrify
 21542 | Lair:5   | Reached skill level 1 in Earth Magic
 22385 | Lair:6   | Reached skill level 10 in Transmutations
 22421 | Lair:6   | Reached ****** piety under Wu Jian
 22625 | Lair:5   | HP: 6/139 [eight-headed hydra (16)]
 22625 | Lair:5   | HP: 1/139 [eight-headed hydra (5)]
 22625 | Lair:5   | Mangled by an eight-headed hydra

Vault maps used:
D:1:      dpeg_arrival_central
D:2:      old_standard_altar, bloody_makhleb
D:3:      first_bread
D:4:      kiku_gazebo_garden_becter, old_standard_altar, serial_shops,
          nicolae_shop_waterfront, grunt_gozag_breadcrumbs, uniq_edmund
D:5:      lemuel_temple_firewalk_b, enter_ossuary_5, serial_curves,
          eino_curves_01, eino_curves_02, minmay_misc_feat_rugged, uniq_pikel
D:6:      uniq_prince_ribbit1
D:7:      lemuel_crystal_altar, nemelex_xobeh_ov_fountains_minmay, slow_altar_1,
          the_bakery
D:8:      serial_glass, glass_columns_c, glass_columns_b,
          kennysheep_generic_room_6, uniq_psyche
D:9:      dpeg_oklobed_lair
Lair:2:   basic_altar, lemuel_fruit_fields, serial_bayou_shore_b
Lair:3:   elwin_shoals_entry_rocks
Lair:4:   minmay_snake_entry_guardpost_medium, special_room
Lair:5:   dpeg_slime_entry_enclosed_altar, minmay_lair_oklob_chamber,
          infiniplex_staircase_pool
Lair:6:   minmay_lair_end_enchanted_forest, lemuel_fruit_tree

Skill      XL: |  1  2  3  4  5  6  7  8  9 10 11 12 13 |
---------------+----------------------------------------+-----
Fighting       | 2 3 4 5 6 7 8 10 11 | 11.3
Unarmed Combat | 4 5 6 7 8 10 11 12 | 12.6
Transmutations | 3 4 5 6 8 9 10 | 10.1
Dodging        | 3 4 5 7 8 |  8.8
Fire Magic     | 3 |  3.1
Spellcasting   | 4 5 7 8 |  8.0
Maces & Flails | 4 8 |  8.9
Earth Magic    | 2 |  2.9

Action                   |  1- 3 |  4- 6 |  7- 9 | 10-12 | 13-15 || total
-------------------------+-------+-------+-------+-------+-------++-------
Melee: Unarmed           |   163 |   294 |   418 |   475 |   244 ||  1594
       Tailslap          |     9 |    30 |    43 |    49 |    27 ||   158
       Kick              |     9 |     7 |     2 |       |       ||    18
       Punch             |     3 |     4 |    12 |     6 |     9 ||    34
       Headbutt          |     1 |     2 |    12 |     3 |       ||    18
       Great mace        |       |       |       |   161 |    29 ||   190
 Fire: Blowgun           |       |     7 |       |     1 |       ||     8
 Cast: Beastly Appendage |     8 |     8 |    14 |     1 |       ||    31
       Sticks to Snakes  |       |     5 |    17 |    12 |     5 ||    39
       Spider Form       |       |       |     3 |     4 |       ||     7
       Conjure Flame     |       |       |     3 |     7 |     3 ||    13
       Blink             |       |       |     1 |     2 |     1 ||     4
       Ice Form          |       |       |       |    25 |    12 ||    37
       Blade Hands       |       |       |       |     1 |     9 ||    10
       Petrify           |       |       |       |       |     4 ||     4
Invok: Serpent's Lash    |       |       |       |     3 |       ||     3
 Abil: Breathe Fire      |       |       |    20 |    24 |     6 ||    50
       Fly               |       |       |       |     1 |       ||     1
       End Transformatio |       |       |       |     1 |     1 ||     2
Evoke: Wand              |       |     2 |     2 |     2 |     1 ||     7
  Use: Scroll            |       |     3 |     4 |    13 |     1 ||    21
       Potion            |       |       |     1 |     3 |       ||     4
 Stab: Sleeping          |     2 |       |     3 |       |       ||     5
       Distracted        |       |       |       |     1 |       ||     1
       Invisible         |       |       |       |     1 |       ||     1
       Petrified         |       |       |       |       |     7 ||     7
  Eat: Chunk             |     2 |    11 |     7 |    25 |    15 ||    60
       Meat ration       |       |       |     3 |     3 |       ||     6
       Fruit             |       |       |     1 |       |       ||     1
       Royal jelly       |       |       |       |     1 |       ||     1
Armor: Skin              |    52 |    68 |   119 |   185 |    73 ||   497
Dodge: Dodged            |   102 |   153 |   251 |   499 |   204 ||  1209
